 Dungeon Crawl Stone Soup version 0.22.0-5-gf09313c (webtiles) character file.

120105 Gravenous the Scorcher (level 16, -2/86 HPs)
             Began as an Octopode Fire Elementalist on Aug 12, 2018.
             Was a High Priest of Vehumet.
             Slain by a black mamba (6 damage)
             ... on level 2 of the Snake Pit on Aug 13, 2018.
             The game lasted 01:22:21 (35162 turns).

Gravenous the Scorcher (OpFE)                      Turns: 35162, Time: 01:22:22

Health: -2/86      AC:  5    Str:  8    XL:     16   Next: 81%
Magic:  21/40      EV: 22    Int: 23    God:    Vehumet [*****.]
Gold:   817        SH:  0    Dex: 15    Spells: 17/37 levels left

rFire    + + .     SeeInvis .   B - +7 double sword
rCold    + + .     Gourm    .   (no shield)
rNeg     + . .     Faith    .   (helmet restricted)
rPois    +         Spirit   .   q - amulet of magic regeneration
rElec    +         Reflect  .   u - ring of the Townfolk {rF+ rC+ rN+ Dex+2}
rCorr    .         Harm     .   g - +2 ring of protection
MR       +++..                  p - ring of magical power
Stlth    ++++......             A - +2 ring of protection
HPRegen  0.24/turn              D - ring of protection from magic
MPRegen  0.52/turn              J - ring of Koal {rElec rPois rC+ MR+}
                                s - ring of protection from fire
                                L - ring of wizardry

@: no status effects
A: almost no armour, stealthy swim, amphibious, 8 rings, constrict 8, camouflage
1, gelatinous body 1
a: Renounce Religion


You were on level 2 of the Snake Pit.
You worshipped Vehumet.
Vehumet was extremely pleased with you.
You were not hungry.

You visited 6 branches of the dungeon, and saw 27 of its levels.

You collected 2444 gold pieces.
You spent 1627 gold pieces at shops.

Inventory:

Hand Weapons
 B - a +7 double sword (weapon)
Jewellery
 g - a +2 ring of protection (right tentacle)
 o - an uncursed ring of positive energy
 p - a ring of magical power (on tentacle)
 q - an amulet of magic regeneration (around mantle)
 s - a ring of protection from fire (on tentacle)
 u - the ring of the Townfolk (left tentacle) {rF+ rC+ rN+ Dex+2}
   (You bought it in a shop on level 2 of the Orcish Mines)

   [ring of protection from cold]

   It affects your dexterity (+2).
   It protects you from fire.
   It protects you from cold.
   It protects you from negative energy.
 A - a +2 ring of protection (on tentacle)
 D - a ring of protection from magic (on tentacle)
 J - the ring of Koal (on tentacle) {rElec rPois rC+ MR+}
   (You bought it in a shop on level 8 of the Dungeon)

   [ring of protection from cold]

   It protects you from cold.
   It insulates you from electricity.
   It protects you from poison.
   It affects your resistance to hostile enchantments.
 L - a ring of wizardry (on tentacle)
Wands
 r - a wand of acid (5)
 w - a wand of disintegration (24)
 C - a wand of digging (29)
Scrolls
 c - 9 scrolls of remove curse
 d - a scroll of blinking
 e - 9 scrolls of teleportation
 k - 8 scrolls of enchant weapon
 E - 7 scrolls of amnesia
 F - 5 scrolls of fog
 G - a scroll of magic mapping
 K - a scroll of holy word
 M - 2 scrolls of identify
 Q - a scroll of enchant armour
Potions
 a - 8 potions of flight
 f - a potion of cancellation
 h - a potion of haste
 i - 3 potions of mutation
 j - 4 potions of might
 l - a potion of invisibility
 v - 3 potions of heal wounds
 H - 9 potions of curing
 I - a potion of magic
Miscellaneous
 z - a lamp of fire
Comestibles
 b - 36 rations


   Skills:
 + Level 12.3 Dodging
 - Level 4.0 Stealth
 + Level 11.4 Spellcasting
 * Level 16.5 Conjurations
 * Level 16.7 Fire Magic


You had 17 spell levels left.
You knew the following spells:

 Your Spells              Type           Power        Failure   Level  Hunger
a - Flame Tongue          Conj/Fire      #####        0%          1    None
b - Conjure Flame         Conj/Fire      ######..     0%          3    None
c - Sticky Flame          Conj/Fire      ######..     1%          4    None
d - Fireball              Conj/Fire      ######....   1%          5    ####...
e - Iskenderun's Mystic   Conj           ######..     1%          4    None
f - Apportation           Tloc           ##....       1%          1    None
g - Blink                 Tloc           N/A          3%          2    None

Your spell library contained the following spells:

 Spells                   Type           Power        Failure   Level  Hunger
 Magic Dart               Conj           ####         0%          1    None
 Slow                     Hex            ##......     3%          2    None
 Throw Flame              Conj/Fire      ######       0%          2    None
 Mephitic Cloud           Conj/Pois/Air  #####...     1%          3    None
 Summon Small Mammal      Summ           ##..         1%          1    None
 Animate Skeleton         Necr           N/A          1%          1    None
 Call Imp                 Summ           ##......     3%          2    None
 Summon Demon             Summ           ##........   45%         5    ####...
 Recall                   Summ/Tloc      N/A          6%          3    None
 Shadow Creatures         Summ           N/A          95%         6    #####..
 Confusing Touch          Hex            ##....       1%          1    None
 Shatter                  Erth           ##........   100%        9    #######
 Inner Flame              Hex/Fire       ######..     1%          3    None
 Aura of Abjuration       Summ           ##........   45%         5    ####...
 Fulminant Prism          Conj/Hex       ######....   1%          4    None
 Dazzling Spray           Conj/Hex       ######       1%          3    None
 Force Lance              Conj/Tloc      ######..     1%          4    None
 Searing Ray              Conj           ######       0%          2    None
 Summon Forest            Summ/Tloc      ##........   45%         5    ####...
 Summon Mana Viper        Hex/Summ       ##......     45%         5    ####...


Dungeon Overview and Level Annotations

Branches:
Dungeon (15/15)            Temple (1/1) D:7            Lair (6/6) D:9
  Swamp (1/4) Lair:3        Snake (2/4) Lair:2        Slime (0/5) Lair:6
    Orc (2/2) D:11            Elf (0/3) Orc:2        Vaults (0/5) D:14
 Depths (0/5) D:15

Altars:
Ashenzari
Cheibriados
Elyvilon
Fedhas
Hepliaklqana
Kikubaaqudgha
Makhleb
Nemelex Xobeh
Okawaru
Qazlal
Ru
Sif Muna
Trog
Uskayaw
Vehumet
Wu Jian
Xom
Yredelemnul
Zin
The Shining One
Jiyva

Shops:
D:8 =   D:9 }   Orc:2 }*(*

Annotations:
D:3 3 runed doors, grocchini's ghost, amateur NaWr
Swamp:1 Louise


Innate Abilities, Weirdness & Mutations

You cannot wear most types of armour.
You are very stealthy in the water. (Stealth+)
You are amphibious.
You can wear up to eight rings at the same time.
You can use your tentacles to constrict eight enemies at once.
Your skin changes colour to match your surroundings (Stealth+).
Your rubbery body absorbs attacks. (AC +1, EV +1)


Message History

Confirm with . or Enter, or press ? or * to list all spells.
Aiming: Fireball (safe; 1% risk of failure)
Press: ? - help, Shift-Dir - straight line, f/p - naga sharpshooter
Aim: a naga sharpshooter, wielding a longbow and wearing a robe (almost dead)
The fireball explodes!
The fireball engulfs the naga sharpshooter.
You kill the naga sharpshooter!
Vehumet accepts your kill.
Unknown command.
A guardian serpent comes into view.
The guardian serpent coils itself and waves its upper body at you.
The bolt of poison hits you! You resist. The black mamba bites you!
* * * LOW HITPOINT WARNING * * *
There is a stone staircase leading up, spattered with blood here.
Unknown command.
The black mamba bites you!
* * * LOW HITPOINT WARNING * * *
The black mamba bites you.
You die...

....#.....##)..#
...............#
...#..#.N.....#####
#.#.(##..........#
#....##.S....###.#
#####.S(....####
#.........#......
#.....S...#######
#.....@...#
#####..#### #..#
..... ......
....... #.......
#........


You could see a guardian serpent and 2 black mambas.

Vanquished Creatures
  Rupert (D:14)
  Agnes (D:15)
  An orc warlord (Orc:2)
  A stone giant (Orc:2)
  3 ettins
  Snorg (D:10)
  2 fire dragons (D:15)
  Josephine (D:11)
  Erolcha (D:12)
  2 hydras (Lair:6)
  4 catoblepae
  A naga warrior (Snake:1)
  3 centaur warriors
  7 anacondas
  Erica (Lair:2)
  2 ogre magi (Orc:2)
  12 two-headed ogres
  6 death yaks (Lair:6)
  4 shock serpents (Snake:1)
  4 naga sharpshooters
  Urug (D:13)
  Sonja (Lair:1)
  5 unseen horrors
  2 deep trolls (Orc:2)
  A swamp dragon (Swamp:1)
  2 naga ritualists (Snake:1)
  5 orc knights
  5 mana vipers
  A necromancer (D:12)
  2 orc sorcerers
  An oklob plant (Orc:1)
  2 ugly things
  A deep elf mage (D:15)
  3 manticores
  7 cyclopes
  5 elephants
  A guardian serpent (Snake:1)
  4 naga magi (Snake:1)
  9 black mambas
  9 spiny frogs
  3 gargoyles
  5 komodo dragons
  An efreet (D:14)
  A kobold demonologist (D:15)
  A tengu conjurer (D:13)
  12 trolls
  6 polar bears
  4 slime creatures (D:15)
  23 blink frogs
  17 hippogriffs
  Prince Ribbit (D:9)
  A harpy skeleton (D:15)
  2 shadows
  9 wraiths
  A spriggan (D:7)
  2 water elementals (D:14)
  2 basilisks (shapeshifter) (D:15)
  A basilisk (Lair:2)
  83 yaks
  4 wyverns
  16 humans
  Grum (D:11)
  3 hungry ghosts
  11 vampire mosquitoes
  2 swamp worms (Swamp:1)
  An acid dragon (D:13)
  6 wargs
  13 nagas
  9 porcupines
  14 orc warriors
  3 ice beasts
  10 water moccasins
  5 black bears
  4 sky beasts
  2 eyes of draining
  27 ogres
  16 wolves
  A phantom (D:4)
  2 necrophages
  7 crocodiles
  6 centaurs
  A big kobold (D:14)
  Blork the orc (D:6)
  20 bullfrogs
  2 water moccasin zombies
  3 wyvern skeletons
  20 killer bees
  5 scorpions
  3 howler monkeys (D:11)
  8 wights
  9 electric eels
  9 crimson imps
  7 jellies
  8 hounds
  A quasit (D:9)
  5 centaur zombies
  11 orc priests
  5 bullfrog skeletons
  4 centaur skeletons
  2 iguanas
  19 orc wizards
  8 worker ants
  4 polar bear simulacra (D:12)
  4 yak simulacra (D:12)
  A wolf simulacrum (D:12)
  A howler monkey zombie (D:6)
  14 adders
  A howler monkey skeleton (D:5)
  6 white imps (D:8)
  A worker ant simulacrum (D:8)
  3 ufetubi (D:8)
  2 oozes (D:2)
  An adder zombie (D:8)
  An adder skeleton (D:6)
  4 worms
  3 dart slugs
  5 leopard geckos
  66 orcs
  9 giant cockroaches
  9 goblins
  2 hobgoblins
  10 jackals
  13 kobolds
  2 quokkas
  A ball python (D:2)
  7 bats
  6 frilled lizards
  A jackal skeleton (D:6)
  A jackal zombie (D:7)
  A quokka zombie (D:8)
  13 rats
  2 river rat simulacra (D:12)
  3 fungi
811 creatures vanquished.

Vanquished Creatures (others)
  A jelly (D:14)
  A bush (Lair:5)
  15 fungi
  14 plants
31 creatures vanquished.

Grand Total: 842 creatures vanquished

Notes
Turn   | Place    | Note
-------+----------+-------------------------------------------
     0 | D:1      | Gravenous the Octopode Fire Elementalist began the quest for the Orb.
     0 | D:1      | Reached XP level 1. HP: 11/11 MP: 3/3
   149 | D:1      | Reached XP level 2. HP: 17/17 MP: 3/5
  1329 | D:2      | Reached XP level 3. HP: 21/21 MP: 1/6
  1380 | D:2      | Learned a level 3 spell: Conjure Flame
  2114 | D:3      | Found a runed gate.
  2121 | D:3      | Found a runed gate.
  2139 | D:3      | Found a runed gate.
  2140 | D:3      | Noticed a big kobold
  2141 | D:3      | Noticed grocchini's ghost (amateur NaWr)
  2145 | D:3      | Noticed a big kobold
  2169 | D:3      | Reached XP level 4. HP: 27/27 MP: 5/7
  2997 | D:3      | Reached XP level 5. HP: 21/31 MP: 3/8
  3228 | D:3      | Found a hazy altar of Hepliaklqana.
  3648 | D:4      | Learned a level 4 spell: Sticky Flame
  3664 | D:4      | Noticed a black bear
  3757 | D:3      | Killed a black bear
  3757 | D:3      | Reached XP level 6. HP: 17/36 MP: 0/9
  4036 | D:4      | Noticed a phantom
  4318 | D:4      | Killed a phantom
  4577 | D:4      | Reached XP level 7. HP: 30/41 MP: 2/11
  4756 | D:4      | Reached skill level 5 in Fire Magic
  5344 | D:5      | Entered Level 5 of the Dungeon
  6058 | D:6      | Noticed Blork the orc
  6063 | D:6      | Noticed Prince Ribbit
  6172 | D:6      | Reached XP level 8. HP: 46/46 MP: 8/13
  6272 | D:6      | Learned a level 5 spell: Fireball
  6389 | D:6      | Reached skill level 5 in Conjurations
  6398 | D:6      | Found a burning altar of Makhleb.
  6541 | D:6      | Found a glowing drain.
  6840 | D:6      | Killed Blork the orc
  7317 | D:6      | Found a burning altar of Makhleb.
  7443 | D:7      | Found a sparkling altar of Nemelex Xobeh.
  7455 | D:7      | Reached XP level 9. HP: 51/51 MP: 12/15
  7467 | D:7      | Noticed a two-headed ogre
  7468 | D:7      | Found a staircase to the Ecumenical Temple.
  7481 | D:7      | Killed a two-headed ogre
  7481 | D:7      | Reached skill level 5 in Dodging
  7505 | D:7      | HP: 2/51 [something (3)]
  7933 | Temple   | Entered the Ecumenical Temple
  7963 | Temple   | Became a worshipper of Vehumet
  8023 | D:7      | Reached skill level 5 in Spellcasting
  8377 | D:7      | Reached * piety under Vehumet
  8377 | D:7      | Offered knowledge of Freeze by Vehumet.
  8522 | D:7      | Reached XP level 10. HP: 36/56 MP: 13/17
  9766 | D:8      | Found an ancient bone altar of Kikubaaqudgha.
  9769 | D:8      | Found a bloodstained altar of Trog.
  9880 | D:8      | Reached ** piety under Vehumet
 10169 | D:8      | Offered knowledge of Sting by Vehumet.
 10644 | D:8      | Found Wieho's Jewellery Emporium.
 10652 | D:8      | Bought an uncursed ring of magical power for 280 gold pieces
 10868 | D:9      | Found a staircase to the Lair.
 11062 | D:9      | Found Led Moismedy's Gadget Shop.
 11076 | D:9      | Killed Prince Ribbit
 11262 | D:9      | Found a white marble altar of Elyvilon.
 11638 | D:10     | Entered Level 10 of the Dungeon
 11638 | D:10     | Noticed a gargoyle
 11643 | D:10     | Killed a gargoyle
 11643 | D:10     | Reached skill level 10 in Fire Magic
 11643 | D:10     | Reached XP level 11. HP: 61/61 MP: 12/20
 11753 | D:10     | Noticed an unseen horror
 11755 | D:10     | Killed an unseen horror
 12248 | D:10     | Noticed Snorg
 12248 | D:10     | Noticed a white ugly thing
 12255 | D:10     | Killed a white ugly thing
 12257 | D:10     | Killed Snorg
 12257 | D:10     | Reached skill level 10 in Conjurations
 12705 | D:10     | Offered knowledge of Mephitic Cloud by Vehumet.
 12928 | D:10     | Reached *** piety under Vehumet
 13826 | D:11     | Offered knowledge of Throw Icicle by Vehumet.
 13853 | D:11     | Found a staircase to the Orcish Mines.
 13901 | D:11     | Noticed a manticore
 13909 | D:11     | Noticed a brown ugly thing
 13915 | D:11     | Killed a brown ugly thing
 13915 | D:11     | Noticed a two-headed ogre
 13917 | D:11     | Killed a manticore
 13919 | D:11     | Killed a two-headed ogre
 14256 | D:11     | Noticed a cyclops
 14320 | D:11     | Killed an unseen horror
 14320 | D:11     | Reached XP level 12. HP: 45/66 MP: 20/23
 14641 | D:11     | Noticed Josephine
 14648 | D:11     | Killed Josephine
 14728 | D:11     | Noticed Grum
 14731 | D:11     | Killed Grum
 14737 | D:11     | Reached **** piety under Vehumet
 14827 | D:11     | Offered knowledge of Stone Arrow by Vehumet.
 15434 | D:12     | Noticed a two-headed ogre
 15442 | D:12     | Killed a two-headed ogre
 16122 | D:12     | Noticed Erolcha
 16125 | D:12     | Killed Erolcha
 16599 | D:13     | Reached ***** piety under Vehumet
 16841 | D:13     | Offered knowledge of Spellforged Servitor by Vehumet.
 16863 | D:13     | Noticed a centaur warrior
 16869 | D:13     | Killed a centaur warrior
 16997 | D:13     | Noticed Urug
 17002 | D:13     | Killed Urug
 17206 | D:13     | Reached XP level 13. HP: 45/71 MP: 4/25
 18392 | D:8      | Bought the ring of Koal {rElec rPois rC+ MR+} for 683 gold pieces
 18699 | D:14     | Found a gate to the Vaults.
 18699 | D:14     | Noticed Rupert
 19098 | D:14     | Killed Rupert
 19903 | D:14     | Found a snail-covered altar of Cheibriados.
 20431 | D:15     | Entered Level 15 of the Dungeon
 20556 | D:15     | Identified Lee's Incunabulum of Conjuration and Stones
 20580 | D:15     | Offered knowledge of Fulminant Prism by Vehumet.
 20863 | D:15     | Reached skill level 10 in Dodging
 20922 | D:15     | Noticed Agnes
 21131 | D:15     | Killed Agnes
 21131 | D:15     | Reached XP level 14. HP: 76/76 MP: 17/27
 21820 | Lair:1   | Entered Level 1 of the Lair of Beasts
 22091 | Lair:1   | Noticed Sonja
 22095 | Lair:1   | Killed Sonja
 22988 | Lair:1   | Learned a level 4 spell: Iskenderun's Mystic Blast
 22990 | Lair:1   | Learned a level 1 spell: Apportation
 22990 | Lair:1   | Upgraded the game from 0.22.0-1-g6561e4c to 0.22.0-5-gf09313c
 23215 | Lair:2   | Found a staircase to the Snake Pit.
 23335 | Lair:2   | Noticed Erica
 23339 | Lair:2   | Killed Erica
 23344 | Lair:2   | Offered knowledge of Lee's Rapid Deconstruction by Vehumet.
 23981 | Lair:2   | Learned a level 2 spell: Blink
 24455 | Lair:3   | Found a staircase to the Swamp.
 25547 | Lair:4   | Reached skill level 10 in Spellcasting
 26489 | Lair:6   | Entered Level 6 of the Lair of Beasts
 26606 | Lair:6   | Found a viscous altar of Jiyva.
 26606 | Lair:6   | Found a staircase to the Slime Pits.
 26624 | Lair:6   | Reached XP level 15. HP: 81/81 MP: 29/29
 26843 | Lair:6   | Reached skill level 15 in Fire Magic
 27239 | Lair:6   | Offered knowledge of Lightning Bolt by Vehumet.
 27987 | Lair:6   | Reached skill level 15 in Conjurations
 29158 | Orc:1    | Entered Level 1 of the Orcish Mines
 29372 | Orc:2    | Entered Level 2 of the Orcish Mines
 29376 | Orc:2    | Noticed an orc warlord
 29479 | Orc:2    | Offered knowledge of Ozocubu's Refrigeration by Vehumet.
 29484 | Orc:2    | Killed an orc warlord
 30589 | Orc:2    | Found a staircase to the Elven Halls.
 30616 | Orc:2    | Reached XP level 16. HP: 77/86 MP: 21/30
 31196 | Orc:2    | Found Fukh's General Store.
 31206 | Orc:2    | Found Ligyrhaisk's Antique Weapon Emporium.
 31264 | Orc:2    | Found Xobes's Assorted Antiques.
 31269 | Orc:2    | Found Seudishaome's Gadget Shoppe.
 31296 | Orc:2    | Bought 2 scrolls of teleportation for 60 gold pieces
 31296 | Orc:2    | Bought a potion of invisibility for 80 gold pieces
 31296 | Orc:2    | Bought the ring of the Townfolk {rF+ rC+ rN+ Dex+2} for 474 gold pieces
 31296 | Orc:2    | Bought a potion of heal wounds for 50 gold pieces
 31432 | Orc:1    | Offered knowledge of Freezing Cloud by Vehumet.
 31853 | D:15     | Found a staircase to the Depths.
 32364 | Swamp:1  | Entered Level 1 of the Swamp
 32383 | Swamp:1  | Noticed Louise
 32684 | Snake:1  | Entered Level 1 of the Snake Pit
 35162 | Snake:2  | HP: 4/86 [black mamba (10)]
 35162 | Snake:2  | Slain by a black mamba

Skill      XL: |  1  2  3  4  5  6  7  8  9 10 11 12 13 14 15 16 |
---------------+-------------------------------------------------+-----
Stealth        | 3 4 |  4.0
Conjurations   | 2 3 4 6 7 9 10 12 13 14 15 16 | 16.5
Fire Magic     | 4 5 7 8 10 11 12 13 14 15 16 | 16.7
Dodging        | 3 4 5 7 8 9 10 11 12 | 12.3
Spellcasting   | 3 4 5 6 7 8 9 10 11 | 11.4

Action                   |  1- 3 |  4- 6 |  7- 9 | 10-12 | 13-15 | 16-18 || total
-------------------------+-------+-------+-------+-------+-------+-------++-------
Melee: Unarmed           |    64 |    43 |       |       |       |       ||   107
       Tentacles         |    15 |    10 |    22 |    33 |    17 |    10 ||   107
       Constrict         |    15 |    14 |    36 |    35 |    22 |     5 ||   127
       Dagger            |       |     2 |   150 |   139 |       |       ||   291
       Double sword      |       |       |       |     7 |    89 |    24 ||   120
 Cast: Flame Tongue      |    48 |    58 |    24 |    99 |    77 |       ||   306
       Sticky Flame      |       |     6 |    38 |    81 |   145 |    32 ||   302
       Fireball          |       |       |     4 |   106 |   323 |   118 ||   551
       Conjure Flame     |       |       |     3 |    17 |    22 |     1 ||    43
       Blink             |       |       |       |       |     3 |     4 ||     7
       Iskenderun's Myst |       |       |       |       |       |    20 ||    20
Evoke: Wand              |       |       |       |       |     8 |       ||     8
  Use: Scroll            |       |     1 |    16 |     7 |     9 |     4 ||    37
       Potion            |       |       |     4 |       |     2 |     3 ||     9
 Stab: Sleeping          |     7 |     3 |    13 |     6 |     1 |       ||    30
       Distracted        |       |       |       |       |     1 |       ||     1
       Invisible         |       |       |       |       |     1 |       ||     1
  Eat: Chunk             |     4 |     6 |    20 |    37 |    87 |    11 ||   165
       Ration            |       |     1 |     1 |     7 |     5 |     6 ||    20
Armor: Skin              |     1 |     5 |    11 |    12 |    16 |     2 ||    47
Dodge: Dodged            |    37 |    80 |   140 |   232 |   289 |   107 ||   885
       Rpst.: Double sword |       |       |       |       |    71 |    25 ||    96
